[Event "44th Chess Olympiad Open 2022"]
[Site "Chennai"]
[Date "2022.08.03"]
[Round "6.31"]
[White "Kobayashi, Atsuhiko"]
[Black "Roselli Mailhe, Bernardo"]
[Result "1/2-1/2"]
[WhiteElo "2156"]
[BlackElo "2413"]
[Annotator "TA"]
[PlyCount "99"]
[EventDate "2022.??.??"]
[TimeControl "60"]

1. Nf3 Nf6 2. g3 g6 3. b3 Bg7 4. Bb2 d6 5. d4 O-O 6. Bg2 a5 7. O-O a4 {[%emt 0:05:40] A49:1 d4 Nf6 2 Nf3 g6 3 g3: Anti-King's Indian systems.
} 8. c4 Nc6 9. Nc3 a3 {
[%emt 0:07:12] White is slightly better.} 10. Bc1 {[%emt 0:00:06] [#]} Bg4 $146 ({Predecessor:} 10... e5 11. e3 exd4 12. exd4 Bf5 13. Nb5 Ne4
14. Bxa3 Nc3 15. Nxc3 Rxa3 16. Qd2 Qd7 {1-0 (27) Meier,G (2621) -Rasulov,V 
(2478) Chess.com INT 2020}) 11. Ne1 Qd7 12. Nc2 Bh3 13.
Bxa3 Bxg2 14. Kxg2 d5 $1 {
[%emt 0:01:41] Against e4} 15. Qd3 dxc4 (
15... Rfd8 {looks sharper.} 16. e3 dxc4 17. Qxc4 Qf5) 16. Qxc4 Nxd4 17. Nxd4 Rxa3 18. Rad1 Ra6 19. e4 e5
{[%emt 0:10:10] [#]} 20. Nf5 Qe6 21. Qxe6 Rxe6 22. Nxg7 Kxg7 23. f3 Ra8 24. Rf2 Rea6 25. Rc2 c6 26. Rdd2 Kf8 27. Na4 Ke7 28. Nc5 R6a7 29. g4 h6 30. h4 Rd8 31. g5 hxg5 {[%emt 0:00:00] The position is equal.} 32. hxg5 Nd7 {[%emt 0:01:40] [#] Threatens to win with ...Nxc5.} 33.
Nxd7 Rxd7 34. Rxd7+ Kxd7 $11
{[%emt 0:00:02] Endgame KR-KR} 35. Rd2+ Ke6 36. Kg3 Ra8 37. f4 exf4+ 38. Kxf4 Rh8 39. Kg4 Rh1 40. Rd4 Rb1 41. Rd8 Rb2 42. Re8+ Kd7 43. Rf8 Ke7 44. Rb8 b5 45. Rb7+ Ke6 46. Rc7 Rc2 47. a4 bxa4 48. bxa4 Rc4 49. Kf4 Rxa4 50. Rxc6+ {[%emt 0:00:00]
Weighted Error Value: White=0.04 (flawless) /Black=0.04 (flawless)} 1/2-1/2

[Event "44th Chess Olympiad Open 2022"]
[Site "Chennai"]
[Date "2022.08.03"]
[Round "6.32"]
[White "Ferreira, Jorge Viterbo"]
[Black "Cu Hor, Winston Darwin"]
[Result "1-0"]
[WhiteElo "2499"]
[BlackElo "2328"]
[Annotator "TA"]
[PlyCount "65"]
[EventDate "2022.??.??"]
[TimeControl "60"]

1. c4 c5 2. g3 g6 3. Bg2 Bg7 4. Nc3 Nc6 5. a3 a5 6. d3 d6 7. Rb1 e5 8. e3 Nge7 9. Nge2 O-O 10. O-O Be6 11. Nd5 {[%emt 0:01:44] A36: Symmetrical English vs ...g6:4 Bg2 Bg7.} f5 12. Nec3 Bf7 {[%emt 0:00:00] [#]} 13. Nxe7+
$146 {[%emt 0:11:49] White is slightly better.} ({Predecessor:} 13. Bd2 Nxd5
14. Nxd5 Ne7 15. Nxe7+ Qxe7 16. Qc2 Rfd8 17. b4 cxb4 18. axb4 a4 19. Ra1 {
0-1 (42) Lapa,A (1600)-Harazinska,E (2041) Olsztyn 2013}) 13... Qxe7 14. Nd5 Qd8 15. b4 cxb4 16. axb4 a4 17. Ba3 Ne7 18. Nc3 {[%emt 0:08:09] White is
more active.} d5 19. c5 (19. b5 $5 ) 19... d4 20. exd4 exd4 (20... Qxd4 $14 21. Nxa4 Be8 22. Qb3+ Bf7) 21. Nb5 (21.
Nxa4 $142 Nd5 22. Bxd5 Bxd5 23. Bc1) 21... Bd5 22. Nd6 Bxg2 23. Kxg2 Nd5 $2 {
[%emt 0:07:36] Black cannot hold the game after this.} (23... f4 $16 {is a
better defense.}) 24. Qf3 $18 (24. Nxb7 Qe7 25. Nd6 Nc3 $14)
24... Nc3 25. Nxb7 ({Much less strong is} 25.
Qxb7 $6 Rb8 26. Qf3 Be5 $16) 25... Qc7 {[%emt 0:00:00] [#]} 26. b5 $1 {[%emt 0:
00:00][%cal Yb4b5,Yb5b6] And now b6 would win.} Rab8 (26...
Nxb1 $2 27. Rxb1 Qf7 28. c6) (26... g5 27. Nd6) 27. Nd6 f4 {
[%emt 0:00:55] [#]} (27... g5 $142 28. h3 (28. b6 g4 $16) 28... h5 29. Qxh5 (
29. b6 g4 $16) 29... Nxb5 30. Nxb5 Rxb5 31. Rxb5 Qc6+ 32. Qf3 Qxb5) 28. g4 $1 Rf6 (28... Qe7 29. Rbe1) 29. b6 Qd8 30. Rbe1 Rxd6 31.
cxd6 {[%emt 0:00:08][%cal Yc5d6,Yd6d7] Threatens to win with Re7.} Qxb6 32. d7 {[%emt 0:02:29] Threatening mate with Re8+.} Qb5 {
[%emt 0:00:30] [#]} 33. Qxf4 {[%emt 0:01:41] Weighted Error Value: White=0.10 
(very precise) /Black=0.78} (33. Rb1 $142 $3 Rd8 (33... h6 34. Rxb5) 34. Rxb5
Nxb5 35. Qd5+ Kh8 36. Qxb5 h6 37. Re1 Kh7 38. Re8) 1-0

[Event "44th Chess Olympiad Open 2022"]
[Site "Chennai"]
[Date "2022.08.03"]
[Round "6.32"]
[White "Veiga, Jose Francisco R P "]
[Black "Lorenzana, Wilson Estuardo"]
[Result "1-0"]
[WhiteElo "2378"]
[BlackElo "2182"]
[Annotator "TA"]
[PlyCount "82"]
[EventDate "2022.??.??"]
[TimeControl "60"]

1. d4 Nf6 2. Nf3 d6 3. c4 Nbd7 4. Nc3 g6 5. e4 e5 6. d5 Nc5 7. Qc2 a5 8. h3 Nh5 9. Be3 Bg7 10. O-O-O O-O 11. g4 {[%emt 0:00:16]
E90: King's Indian: Classical: Early deviations and 6 h3.} Nf4 12. Ne2 {[%emt 0:00:11] [#]} Qe7 $146 ({Predecessor:} 12...
Qe8 13. Nxf4 exf4 14. Bxc5 dxc5 15. e5 Bxe5 16. Re1 f6 17. Bd3 Bd7 18. Nxe5
fxe5 {1-0 (26) Lewtak,D (2093)-Czarnota,D (2240) Warsaw 2011}) 13. Rg1 {
[%emt 0:06:53] White is slightly better.} Bd7 14. Nxf4 exf4 15. Bxc5 dxc5 16. e5 Bxe5 17. Re1 $1 f6 18. Bd3 Qg7 19. Nxe5 fxe5 20. Qc3 Rae8 21. Re2 {[%emt 0:13:17] [#]} (21. f3 $11 {keeps the balance.}) 21...
Qh6 (21... f3 $1 $17 22. Re4 Qh6+ 23. Kb1 Qxh3)
22. Bc2 $2 (22. f3 $1 $11) 22... f3+ $17 23.
Re3 Qxh3 24. Qxa5 Qh2 25. Qe1 Qf4 $36 {[%emt 0:00:50] Black is on
the roll.} 26. Kb1 e4 (26... Bxg4 $2 27. Re4
$18) 27. g5 Re5 28. Ka1 (28.
a3 $17 {might work better.}) 28... Rfe8 $19 (28... Rxg5 29.
Rxg5 Qxg5 30. Rxe4 $17) 29. a3 b6 ({Not} 
29... Rxg5 30. Rxg5 Qxg5 31. Ka2 $17) 30. Bb1 (30. Qd1 $142)
30... Bg4 ({Weaker is} 30... Rxg5 31. Rxg5 Qxg5 32. Rxe4 Rxe4
33. Qxe4 $17) 31. Qd1 Qxg5 ({But not} 31...
Rxg5 $2 32. Rge1 $19) 32. d6 cxd6 33. Qxd6 Qh4 34. Rg3 $2 (34. Bxe4 Rxe4
35. Qd5+ R4e6 36. Re4) 34... Bf5 {[%emt 0:03:34][%cal Yh4g3] [#] Hoping for ...
Qxg3!} 35. Rgxf3 (35. Qd2 $142) 35... exf3 36. Rxe5 Rxe5 37. Qb8+ Kf7 {
[%emt 0:00:04] Black mates.} 38. Qxe5 Qh1 39. Qc7+ Kg8 40. Qb8+ Kg7 41. Qe5+ Kh6 {[%emt 0:00:36] Weighted Error Value:
White=0.59/Black=0.16 (very precise) . Sensor Board Error (Ke4/e5)?} 1-0

[Event "44th Chess Olympiad Open 2022"]
[Site "Chennai"]
[Date "2022.08.03"]
[Round "6.32"]
[White "Juarez Flores, Carlos A."]
[Black "Sousa, Andre Ventura"]
[Result "0-1"]
[WhiteElo "2335"]
[BlackElo "2420"]
[Annotator "TA"]
[PlyCount "81"]
[EventDate "2022.??.??"]
[TimeControl "60"]

1. Nf3 c5 2. g3 g6 3. Bg2 Bg7 4. d4 cxd4 5. Nxd4 Nc6 6. Nb3 Nf6 7. c4 a5 {[%emt 0:04:00] [#] A31: Symmetrical English: 2 Nf3 Nf6 3 d4.} 8. Nd4
$146 ({Predecessor:} 8. Na3 a4 9. Nd4 O-O 10. Ndb5 d6 11. O-O
Be6 12. Nc3 Nd7 13. Be3 Qa5 14. Bd2 Qh5 15. Rb1 {0-1 (30) David,A (2549)-Saric,
I (2689) Rio Achaea 2018}) 8... O-O 9. O-O Ne5 {[%emt 0:16:05] The position is equal.} 10. Na3 d6 11. h3 Qb6 12. b3 Nfd7 13. Be3 {[%emt 0:03:20][%cal Yd4c6] Threatens to
win with Nc6!} Nc5 14. Nab5 Bd7 15. Rc1 Bc6 16. f3 Ned7 17. Qd2 d5 18. Na3 ({Much weaker is} 18. Nxc6 bxc6 19. Nd4 e5 $15) (18. Nc3 $1 $14 Bxd4
19. Bxd4 (19. Qxd4 e5 $17)) 18... Qb4 $11 19. Ndc2 (19. Qxb4 $11 axb4 20. Nac2) 19... Qxd2 $15 20. Bxd2 d4 21. f4 Bxg2 22. Kxg2 Ne4 23. Rcd1 Ndc5 24. Nb5 Rfd8 25. Bc1 Ne6 ({Better is} 25... d3 $15 26.
exd3 Nxd3) 26. Ba3 Kf8 27. f5 gxf5 28. Rxf5 a4 29. Rd5 axb3 30. axb3 Nc3 31. Nxc3 dxc3 32. e3 Ke8 33. h4 b6 34. Kf3 Rdc8 35. Rb5 Ra6 36. g4 Nc5 37.
Rd5 Nd7 {[%emt 0:02:07] White must now prevent ... Rca8.} 38.
Rg5 (38. Rd1 $11) 38... Bf6 $2 {[%emt 0:00:33] [#]} (38... Bf8
$17 39. Ke2 h6) 39. Rg8+ $18 Nf8 40. g5 Rd8 41. gxf6 {[%emt 0:00:00] Weighted Error
Value: White=0.21 (precise) /Black=0.36. Loss on time!?} 0-1

[Event "44th Chess Olympiad Open 2022"]
[Site "Chennai"]
[Date "2022.08.03"]
[Round "6.32"]
[White "Giron Chavez David Emanuel"]
[Black "Santos, Jose Guilherme B Li"]
[Result "0-1"]
[WhiteElo "2115"]
[BlackElo "2361"]
[Annotator "TA"]
[PlyCount "66"]
[EventDate "2022.??.??"]
[TimeControl "60"]

1. e4 c5 2. Nf3 e6 3. d4 cxd4 4. Nxd4 a6 5. c4 Nf6 6. Nc3 Qc7 7. a3 b6 8. Be3 Bb7 9. f3 d6 10. Be2 Be7 11. O-O O-O {
[%emt 0:00:32] B41: Sicilian: Kan Variation: 5 c4.} 12. Qd2 Nbd7 13. Rfc1 Rfc8 {[%emt 0:07:50] White is
slightly better.} 14. a4 Rab8 15.
Kh1 Qd8 16. Nd1 Qf8 {
[%emt 0:08:04] [#]} 17. b3 $146 ({Predecessor:} 17. Qe1 Ne5
18. Nf2 d5 19. cxd5 exd5 20. Bf4 Bd6 21. Nf5 dxe4 22. Nxe4 Nxe4 23. fxe4 Rxc1
24. Rxc1 {0-1 (68) Mullon,J (2405)-Rychagov,A (2558) Paleochora 2016}) 17...
Ne5 18. a5 bxa5 19. Qxa5 Ng6 (19... d5 $11) 20. Qd2 h5 (20... d5 $1 $11) 21. Rcb1 ({Better is} 21.
Nf2 $14) 21... d5 $11 22. exd5 exd5 (22... Bb4 $5 23. Qb2 exd5 $14) 23. Nf5 Bb4 24. Qb2 dxc4 25. Bxc4 Bd5 26. Bxd5 (26. Ba7 $1 $16 ) 26... Nxd5 27. Bd4 {[%emt 0:00:09] Against Nc3
} Qe8 (27... Ngf4 $11) 28. Nxg7 $16 Qe1+ 29. Bg1 Nc3 {[%emt 0:04:14] [#]} 30. Nf5 Qe5 $36 {[%emt 0:02:00] White is under pressure. The position
is equal.} 31. Bd4 Qe1+ 32. Bg1 {[%emt 0:00:
03][%cal Yd1e3] aiming for Nde3!} Qe5 33. Nh6+ Kg7 $2 {[%emt 0:00:36] Weighted Error Value: White=0.23 (precise) /Black=0.
23 (precise) . Sensor Board Error (Ke4/e5)?} (33... Kh7 $11 34. Nxf7 Qf4 35.
Rxa6 (35. Nxc3 Bxc3 36. Qc1 Bxa1 $17) 35... Qxf7) 0-1

[Event "44th Chess Olympiad Open 2022"]
[Site "Chennai"]
[Date "2022.08.03"]
[Round "6.33"]
[White "Tapia Ostolaza, Alexei"]
[Black "Sklyarov, Dmitry V."]
[Result "0-1"]
[WhiteElo "2201"]
[BlackElo "2474"]
[Annotator "TA"]
[PlyCount "104"]
[EventDate "2022.??.??"]
[TimeControl "60"]

1. Nf3 g6 2. g3 Bg7 3. d4 c5 4. d5 d6 5. Bg2 Nf6 6. Nc3 b5 {[%emt 0:07:18][%cal Yb7b5,Yb5b4] A43: Schmid Benoni.} 7.
a3 Bb7 {[%emt 0:11:57] [#]} 8. Nh4 $146 ({
Predecessor:} 8. O-O O-O 9. e4 Qb6 10. Re1 Nbd7 11. Bf1 a6 12. h3 e6 13. Bg2
exd5 14. Nxd5 Nxd5 15. exd5 {0-1 (42) Burmakin,V (2581)-Pinol Fulgoni, F (2274)
Sitges 2007}) 8... b4 {[%emt 0:04:53] The position is equal.} 9. Nb1 (9. axb4 $11 cxb4 10. Nb5) 9... Nbd7 $15 10. O-O O-O 11. e4 Qc7 12. Nd2 (12. Be3 $15) 12... a5 13. Re1 Nb6 14. Nhf3 Nfd7 15. Rb1 $1 bxa3 16. c4 (16. bxa3 c4 $17) 16... axb2 17. Bxb2 Rfb8 18. Bxg7 Kxg7 19. Qb3 Bc8 20. Qc3+ f6 21. Ra1 {[%emt 0:00:30] Prevents Na4.} Nf8 22.
h4 (22. Rxa5 $2 Na4 23. Rxa8 Nxc3 $19) 22... Nbd7 23. Nh2 a4 24. f4 Qa5 25. Qe3 (25. Qc1 $11) 25... a3 ({Black should try} 25... Rb2 $1 $17 26. Nhf3 a3) 26. e5 $11 fxe5 27. Ndf3 $1 a2 28. fxe5 Nxe5 (28... dxe5 $11 {keeps
the balance.} 29. Nxe5 (29. Ng4 Nf6 $11) 29... Qa3) 29. Nxe5 $16 Bf5 30. Nc6 ({White should play} 30.
Neg4 $1 $16 Ra7 31. Nh6 (31. Qg5 $2 Qxe1+ 32. Rxe1 Rb1 $19)) 30... Qxe1+ $1 $11
{[%emt 0:00:05] Remove Defender} 31. Rxe1 (31. Qxe1 $11 {
was the only way to keep the balance.} Rb1 32. Kf2 Rxe1 33. Kxe1) 31... Rb1 $1
$36 {[%emt 0:00:15] Threatens to win with ...Rxe1+. Black has strong
initiative. The board is on fire.} 32. Qxe7+ Kg8 33. Rxb1 (33. Rf1 $17 {was forced.} a1=Q 34. Qxd6) 33...
axb1=Q+ $19 34. Nf1 Qb2 $1 35. Ne3 $2 (35. Nd8 {was worth a try.} Qd4+ 36. Kh1) 35... Bd7
{[%emt 0:04:09] Hoping for ...Ra1+.} 36. Qg5 $2 (36. Nd8 Qg7
37. Qxg7+ Kxg7 38. Nb7) 36... Re8 $2 (36... Ra1+ 37. Nf1 Ra2)
37. Ng4 $2 (37. Nf1) 37... Bxg4 38. Qxg4 Qc1+ 39. Kh2 h5 40. Qf3 Qxc4 (40... Nd7 $142 41. Qf1 Qc2
) 41. Qf6 Qe2 {[%emt 0:32:47] Prevents Ne7+. And now ...c4
would win.} 42. Qxd6 Qb2 {[%emt 0:00:00] Inhibits Qf6.} 43.
Qxc5 Re2 44. Qg1 Nd7 {
[%emt 0:00:00] aiming for ...Nf6.} 45. Kh3 Nf6 46. Qa7 {[%emt 0:00:00] [#] Prevents Qb7.} Qb1 ({Of course
not} 46... Rxg2 $6 47. Ne7+ Kh8 48. Nxg6+ Kg8 49. Ne7+ Kh8 50. Ng6+ Kg8 51.
Ne7+ Kh8 52. Ng6+ $11) ({Better is} 46... Ne8 $1 $17 47. Ne7+ Kh7 48. Nf5+ Kh8)
47. Ne7+ $11 Kf8 48. d6 (48.
Qa6 $11 {and White is okay.} Rf2 49. Qc8+ Kg7 50. Qc7) 48... Re1 $19 {[%emt 0:
00:00][%cal Ye1h1] ( -> ...Rh1+!)} 49. Qf2 {[%emt 0:00:00] [#]} Kg7 {[%emt 0:
00:00] ...Rd1 is the strong threat.} ({Not} 49... Rh1+ 50. Bxh1 Qxh1+ 51. Qh2
$11) 50. Nd5 $2 {[%emt 0:00:00] [#]} (50. Qf3) 50... Rh1+ $1 {[%emt 0:00:00]
Black is clearly winning.} 51. Bxh1 Qxh1+ 52.
Qh2 Qxd5 {[%emt 0:00:00] Weighted Error Value: White=0.62/
Black=0.30} 0-1

[Event "44th Chess Olympiad Open 2022"]
[Site "Chennai"]
[Date "2022.08.03"]
[Round "6.33"]
[White "Leon Archibaldo, Orlando Andres"]
[Black "Nyysti, Sampsa"]
[Result "0-1"]
[WhiteElo "2193"]
[BlackElo "2363"]
[Annotator "TA"]
[PlyCount "82"]
[EventDate "2022.??.??"]
[TimeControl "60"]

1. d4 Nf6 2. Nc3 d5 3. Bf4 a6 4. e3 e6 5. Nf3 c5 6. Bd3 {[%emt 0:01:56] D00:1 d4 d5:
Unusual lines.} Nc6 7. O-O c4 8. Be2 {[%emt 0:00:29] The position is equal.} b5 9. Ne5 Bb7 10. a3 Bd6 11. Bg3 O-O 12. f4 {[%emt 0:01:38] [#]}
Ne7 $146 ({Predecessor:} 12... Nd7 13. Bf3 f6 14. Nxd7 Qxd7
15. e4 Ne7 16. Qd2 dxe4 17. Nxe4 Bd5 18. Nxd6 Qxd6 {½-½ (53) Stefanova, A 
(2489)-Kosintseva,T (2496) Khanty-Mansiysk 2014}) 13. Bf2 Ne4 14. Nxe4 dxe4 15. h3 Qc7 16. c3 Bd5 17. Qd2 f6 18. Ng4 Qc6 19. Bd1 a5 20. Be1 Nf5 21. Nh2 g6 22.
g4 Ne7 {[%emt 0:00:14] Black is much more active.} 23. Bc2 Rf7 24. Qg2 h6 25. Rf2 Rg7 26. Nf1 Rf8 27. Nd2 (27. Re2 $17) 27... f5 $19 28. g5 hxg5 29. Qxg5 Kf7 {[%emt 0:06:15] Hoping for ...Rh8.} 30. Nf1 Rh8 31. Rh2 $2 (31. h4) 31... Ng8 (31...
Rh5 $142 32. Qg2 g5) 32. Bd1 $2 (32. h4 {was forced.}) 32...
Be7 33. Qg2 g5 34. fxg5 Bxg5 35. Bg3 Nf6 36. Qf2 {[%emt 0:00:48] Inhibits f4.} Bh4 {[%emt 0:07:44] [#] ...Bxg3 is
the strong threat.} 37. Kh1 $2 (37. Qf4) 37... Bxg3 38. Nxg3 Qc7 39. Nf1 f4 {[%emt 0:00:53][%cal Yf5f4,Yf4f3] Strongly threatening ...f3. Black is
clearly winning.} 40. Be2 (40. Bg4 $142 f3 41. Rd1) 40... f3 {
[%emt 0:01:07] [#] White must now prevent ...Rgh7.} 41. Bd1 Rhg8 {[%emt 0:30:16] Weighted Error Value: White=0.51/Black=0.17 (very precise)
} 0-1

[Event "44th Chess Olympiad Open 2022"]
[Site "Chennai"]
[Date "2022.08.03"]
[Round "6.34"]
[White "Abdulwahhab, Ahmed Abdulsattar A"]
[Black "Tin, Jingyao"]
[Result "0-1"]
[WhiteElo "2251"]
[BlackElo "2552"]
[Annotator "TA"]
[PlyCount "120"]
[EventDate "2022.??.??"]
[TimeControl "60"]

1. e4 e5 2. Nf3 Nc6 3. Bb5 a6 4. Ba4 Nf6 5. O-O b5 6. Bb3 Bc5 7. a4 Rb8 8. c3 d6 9. d4 Bb6 10. axb5 axb5 11. Na3 {
[%emt 0:00:36] C78: Ruy Lopez: Archangelsk and Möller Defences.} Ba6 ({Black should try} 11... exd4 $14 12. cxd4 (12. Nxb5 dxc3 13. Nxc3 O-O
$15) 12... Na5) 12. Re1 O-O 13. Bg5 {[%emt 0:
10:30] White is better.} h6 {[%emt 0:08:00] [#]} 14. Bh4 {[%emt 0:00:00] [#]}
Re8 $146 ({Predecessor:} 14... b4 15. Nc2 Bc8 16. Ba4 Ne7 17.
dxe5 dxe5 18. Nxb4 Qxd1 19. Bxd1 Bb7 20. Nxe5 g5 {1-0 (29) Almasi,Z (2590)
-Zvjaginsev,V (2585) Wijk aan Zee 1995}) 15. Bd5 Na7 (15... Bb7 $16) 16. Nc2 $18 Bc8 17.
dxe5 dxe5 {[%emt 0:00:35] [#]} 18. Nxe5 $1 Be6 19. Nc6 (19. Nb4 $18 {is more deadly.})
19... Nxc6 $16 20. Bxc6 Qxd1 21. Raxd1 Red8 22. Nd4 {[%emt 0:02:32]
Against Bb3} g5 23. Nxe6 fxe6 24. Bg3 Kf7 (24... Nh5 $16) 25. b4 Nh5 26. Be5 Nf4 27. Bxb5 {[%emt 0:04:05] This bishop pair is nice.} Ng6 28. Bg3 h5 29. h3 h4 30. Bh2 Nf4 31. Bxf4 gxf4 32. Kf1 c5 33. Bc6 cxb4 34. cxb4 Rbc8 35. b5 Kf6 (35... Kg6
$16 36. Ke2 Ba5) 36. e5+ $18 Kf5 (36... Kf7 $142 37. Ke2 Rxd1 38. Rxd1 Rd8) 37. Be4+ Kg5 38. Rd6 Rxd6 39.
exd6 {[%emt 0:00:07] Endgame Bf3 is the strong threat. KRB-KRB} Rc5 $2 (39... Kf6 40. Bc6 e5) 40. Bc6 Kf6 41. Rd1 (41. Ra1 $142) 41... Rc2 (
41... Rg5 {was necessary.} 42. Ke2 Rg8) 42. d7 Bd8 43. Rd4 e5 44. Rd6+ Kf7 45. Rh6 {[%emt 0:00:00] Strongly threatening Rh8.} Rd2 46. Rh8 Bb6 47. Ke1 Rd4 48. Rxh4 Ba5+ 49. Ke2 $4 (49. Kf1 $18) 49... f3+ $1 $19 {[%emt 0:00:08]
Discovered Attack} 50. Bxf3 Rxh4 51. Bg4 (51. Bc6 {keeps fighting.}) 51... Rh8 52. Kd3 (52. Bf3 {was called for.}) 52... Ke7 53. Ke4 Bc7 54. Kd5 Rh6 55. g3 Rb6 56. Kc5 $2 (
56. f3) 56... Rd6 {[%emt 0:00:12] Hoping for ...Bb6+.} 57. f3 Bb6+ 58. Kc4 Bf2 59. f4 $2 (59. b6) 59... e4 60. Bf5 e3 {[%emt 0:00:21] Weighted Error Value: White=0.59/Black=0.30}
0-1

[Event "44th Chess Olympiad Open 2022"]
[Site "Chennai"]
[Date "2022.08.03"]
[Round "6.34"]
[White "Ahmed, Ali Layth Ahmed"]
[Black "Gong, Qianyun"]
[Result "0-1"]
[WhiteElo "2249"]
[BlackElo "2275"]
[Annotator "TA"]
[PlyCount "62"]
[EventDate "2022.??.??"]
[TimeControl "60"]

1. d4 d5 2. c4 c6 3. Nf3 Nf6 4. e3 e6 5. b3 Ne4 6. Bd3 {[%emt 0:03:03] D30: Queen's Gambit Declined: Systems
without Nc3.} Bb4+ {[%emt 0:02:25] 6...Bd6 is not played anymore.} 7. Nbd2 Nd7 8. O-O {[%emt 0:01:11] White is slightly
better.} f5 9. Bb2 Qf6 10.
Bxe4 fxe4 11. Ne5 Nxe5 12. dxe5 Qh6 {[%emt 0:01:28] [#]} 13. a3 $146 ({Predecessor:} 13. Qe2 O-O 14. Rad1 b6 15. f3 Ba6 16. fxe4 {
½-½ (16) Novik,M (2480)-Dokutchaev,A (2400) St Petersburg 1994}) 13... Be7 14. Qe2 O-O 15. Rad1 b6 16. f3 exf3 17. gxf3 (17. Rxf3 $17 Ba6 18. Rdf1) 17... Bb7 ({And not} 17... Bc5 18. Rfe1 $17) ({Black should try} 17... Ba6 $19
18. Kh1 Rad8) 18. cxd5 $17 exd5 19. Kh1 (19. Rf2 $17) 19... c5 $19 20. Rg1 Bg5 21. Nf1 (21. e4
{was worth a try.} d4 22. b4) 21... d4 22. e4 Rae8 23. Ng3 Rxe5 24. Bc1 Bxc1 25. Rxc1 Qf4 26. Rcf1 h5 27. Qg2 (27. Qd3 {was called for.})
27... Rg5 {[%emt 0:04:01] [#] Strongly threatening ...h4. Black is clearly
winning.} 28. Qf2 h4 29. Nf5 Rfxf5 30. exf5 Rxf5 31. Rg6 Bxf3+ {[%emt 0:02:28] Weighted Error Value:
White=0.51/Black=0.03 (flawless)} 0-1

[Event "44th Chess Olympiad Open 2022"]
[Site "Chennai"]
[Date "2022.08.03"]
[Round "6.34"]
[White "Wong, Zhenyong Jayden"]
[Black "Mohammed, Zozek Salah Mohamme"]
[Result "1/2-1/2"]
[WhiteElo "2163"]
[BlackElo "2232"]
[Annotator "TA"]
[PlyCount "99"]
[EventDate "2022.??.??"]
[TimeControl "60"]

1. d4 d5 2. c4 e6 3. Nf3 Nf6 4. g3 Be7 5. Bg2 O-O 6. O-O dxc4 7. Qc2 a6 8. a4 Nbd7 9. Nbd2 c5 10. Nxc4 cxd4 11. Rd1 {[%emt 0:00:45]
White is more active. was the old line (11.Nxd4).} ({Resist} 11. Nxd4 Nb6 12.
Nxb6 Qxb6 $14) 11... Nd5 {[%emt 0:30:34] E05: Open Catalan: 5 Nf3 Be7.} 12.
Rxd4 {[%emt 0:04:00] [#]} Qc7 $146 ({Predecessor:} 12... Bf6
13. Rd1 Qc7 14. Ng5 g6 15. Ne4 Bg7 16. Bd2 Rb8 17. Rac1 b6 18. Qb1 Qa7 19. Ne3
{1-0 (41) Peschel,A (2209)-Kobl,R (1711) Pfarrkirchen 2017}) 13. e4 Nb4 14. Qb3 e5 {[%emt 0:07:05]
Prevents Bf4.} 15. Rd1 a5 16. Be3 Ra6 (16... Nc5 $1 $11 17. Bxc5 Bxc5) 17. Rd2 ({Better is} 17. Rac1 $14) 17... Rc6 $11 18. Bf1 Nc5 19. Qd1 Nxe4 (19... f6 {looks sharper.} 20. Bxc5 Bxc5
21. Na3 Bg4) 20. Nfxe5 Nxd2 21. Nxc6 Nxf1 22. Nxe7+ Qxe7 23. Qxf1 Nc2 24. Rc1 Nxe3 25. Nxe3 Bd7 26. Rc7 Qd6 27. Rxb7 Qc6 28. Ra7 Rc8 $2 {[%emt 0:00:49] [#]} (28... Qxa4 $11 29.
Qc4 Qxc4 30. Nxc4 Be6) 29. Rxa5 $2 (29. Qd1 $1 $18 Be8 30. Nf5
(30. Rxa5 Qe4 $16)) 29... Qe4 30. h4 Bc6 $1 31. Kh2 {[%emt 0:00:22] Prevents Qh1+.}
Rb8 32. Qg2 {[%emt 0:02:16] aiming for Qxe4.} Qe8 33. Nd5 $1 Kh8 (33... Rxb2
$11 34. Ra7 Bxd5 35. Qxd5 Rxf2+ 36. Kh3 Qc8+ 37. Qd7 Qxd7+ 38. Rxd7 h5) 34. Rc5 (34. b4 $1 $14 {was preferrable.}) 34... Rxb2 35. Nf6 Bxg2 36. Nxe8 Rxf2 {
[%emt 0:00:10] Endgame KRB-KRN} 37. Kg1 Ra2 38. Rc8 {[%emt 0:01:15][%cal Re8f6] [#]} (38. Nd6 $5 g6 39.
Nxf7+ Kg7 40. Ng5 $14) 38... g6 39. g4 Bh3 40. Ra8 {[%emt 0:00:31] Intending Nf6+ and mate.} h6 41. Nf6+ Kg7 42. Ne8+ Kf8 {[%emt 0:01:20] Hoping for ...Ke7.} 43. Nf6+ Ke7 44. Ng8+ Ke6 45. Re8+ Kd5 46. Re3 Bxg4 {[%emt 0:05:
56] ...h5 is the strong threat.} 47. Nf6+ {[%emt 0:00:07] White is slightly
better.} Kc6 48. Nxg4 Rxa4 49. Nxh6 Rxh4 50. Nxf7 {[%emt 0:00:08]
Weighted Error Value: White=0.17 (very precise) /Black=0.16 (very precise)}
1/2-1/2

[Event "44th Chess Olympiad Open 2022"]
[Site "Chennai"]
[Date "2022.08.03"]
[Round "6.35"]
[White "Fluvia Poyatos, Jordi"]
[Black "Khusenkhojaev, Mustafokhuja"]
[Result "1-0"]
[WhiteElo "2451"]
[BlackElo "2238"]
[Annotator "TA"]
[PlyCount "61"]
[EventDate "2022.??.??"]
[TimeControl "60"]

1. e4 e5 2. Nf3 Nc6 3. d4 exd4 4.
Nxd4 Nf6 5. Nxc6 bxc6 6. Bd3 d5 7. exd5 cxd5 8. O-O Be7 9.
c4 O-O {[%emt 0:00:19] The main line 9...0-0 scores better
than 9...d4.} 10. Nc3 {[%emt 0:00:58] C45: Scotch Game.} d4 11. Ne4 Ng4 12. Bf4 {[%emt 0:05:48] The
position is equal.} f5 $1 13. Ng3 {[%emt 0:01:00] [#]} g5 $146 ({Predecessor:} 13... g6 14. h3 Nf6 15. Re1 Bd6 16. Bh6 c5 17.
Bxf8 Kxf8 18. Qd2 a5 19. Qg5 Kf7 {½-½ (63) Puntier Andujar,W (2312)
-Tomashevsky,E (2730) Istanbul 2012}) 14. Bd2 {[%emt 0:00:40][%cal Yg3f5] [#]
Threatens to win with Nxf5!} Ne5 15. Qe2 Nxd3 16. Qxd3 f4 17. Ne4 c5 (17... a5 {feels hotter.} 18. c5 Bb7 19.
Rfe1 Qd5) 18. a3 a5 {[%emt 0:02:00] Prevents b4.} 19. b4 $1 axb4 20. axb4 Rxa1 21. Rxa1 cxb4 22. Ra7 Bf5 {[%emt 0:20:58] Hoping for ...Bc5.} 23. c5 Kh8 (23... Rf7 $11 {remains equal.}) 24. Bxb4 $16 {[%emt 0:13:30] White is
more active.} Re8 $2 {[%emt 0:05:47] Black cannot hold the game after this.} ({
Black should play} 24... Bf6 $14) 25. f3 $18 {[%emt 0:02:32] And now Qc4 would
win.} g4 $2 (25... Bf6 {is more resistant.} 26. Qc4 Be5) 26.
Qc4 {[%emt 0:09:33] Ba5 is the strong threat.} gxf3 27. Ba5 {
[%emt 0:02:16] [#] Deflection} ({Not} 27. Nd6 Bxd6 28. cxd6 Qf6 $14) 27... Qc8 28. Qxd4+ {[%emt 0:00:32] White mates.} Kg8 29. Bc3 f2+ 30. Kf1 Kf7 31. Qf6+ {[%emt 0:
30:30] Weighted Error Value: White=0.01 (flawless) /Black=0.69} 1-0